 Dungeon Crawl Stone Soup version 0.31.0-11-ge490571c62 (webtiles) character file.

Game seed: 4326208312199710342

20 qw the Ducker (level 2, -2/14 HPs)
             Began as a Spriggan Hunter on Feb 5, 2024.
             Slain by an orc wizard
             ... wielding a +0 dagger
              (3 damage)
             ... on level 2 of the Dungeon.
             The game lasted 00:00:14 (890 turns).

qw the Ducker (Spriggan Hunter)                      Turns: 890, Time: 00:00:14

Health: -2/14      AC:  2    Str:  7    XL:     2   Next: 58%
Magic:  3/3        EV: 20    Int: 10    God:
Gold:   127        SH:  0    Dex: 24    Spells: 1/1 levels left

rFire   . . .        a - +0 shortbow
rCold   . . .        (shield currently unavailable)
rNeg    . . .        c - +0 robe
rPois   .            (helmet restricted)
rElec   .            (no cloak)
rCorr   .            (gloves unavailable)
SInv    +            (boots unavailable)
Will    .....        (no amulet)
Stlth   +            d - +6 ring of dexterity
HPRegen 0.22/turn    (no ring)
MPRegen 0.08/turn

%: no passive effects
@: confused, very quick
A: very small, no large weapons, unfitting armour, see invisible, speed 3
a: no special abilities


You were on level 2 of the Dungeon.
You visited 1 branch of the dungeon, and saw 2 of its levels.

You collected 127 gold pieces.


Innate Abilities, Weirdness & Mutations

You are very small and have problems with some larger weapons.
You are too small for most types of armour.
You have supernaturally acute eyesight. (SInv)
You cover ground extremely quickly. (Speed+++)


   Skills:
 - Level 1.5 Fighting
 - Level 4.0 Ranged Weapons
 + Level 4.3 Dodging
 - Level 1.5 Stealth


You had one spell level left.
You didn't know any spells.
Your spell library was empty.

Inventory:

Hand Weapons
 a - a +0 shortbow (weapon)
Armour
 c - a +0 robe (worn)
Jewellery
 d - a +6 ring of dexterity (left hand)
Scrolls
 b - a scroll of summoning {unknown}
Potions
 i - a potion of might

Dungeon Overview and Level Annotations

Branches:
Dungeon (2/15)

Altars:

Annotations:
D:2 Sigmund


Message History

The bat moves out of view.
879 ||| RETREEEEATING.
880 ||| RETREEEEATING.
881 ||| RETREEEEATING.
The bat hits you but does no damage. The orc completely misses you.
Sigmund casts a spell at you.
You are confused.
The orc wizard mumbles some strange words.
The orc wizard flickers and vanishes for a moment.
The bat hits you. The orc completely misses you.
Sigmund hits you from afar with a +0 scythe.
The orc wizard mumbles some strange words.
The orc wizard flickers and vanishes for a moment.
The bat hits you but does no damage. The orc completely misses you.
The bat hits you.
Sigmund points at you and mumbles some strange words.
You are more confused.
The orc barely misses you. The bat misses you. Sigmund completely misses you.
The orc closely misses you. The bat barely misses you.
The bat closely misses you. The orc closely misses you.
Sigmund closely misses you. The bat hits you. The orc hits you with a +0 club.
The orc wizard hits you with a +0 dagger.
The bat misses you. Sigmund gestures at you while chanting.
The puff of flame hits the orc wizard!
The orc closely misses you.
An endoplasm comes into view.
The orc wizard completely misses you. The orc wizard closely misses you.
The bat closely misses you.
Sigmund breathes a few words.
Sigmund's hands start flickering wildly.
Sigmund misses you. The orc barely misses you.
The orc wizard hits you with a +0 dagger. x2
The bat barely misses you. The orc barely misses you.
Sigmund laughs darkly.
Sigmund completely misses you.
The orc wizard points at you and mumbles some strange words.
You resist with some effort.
The orc wizard hits you with a +0 dagger.
You die...

#.#.%# #.#..#
#.#..### .......
.##@###.#..#
.......(?..#
#@#.#######
#.###ooo.......
#.>..b@...###.
#######.#.#
######.#.# ##+######
#....#.#.# #.......#
#....+...#
#.......###....#.###
#.......'.'....'.#
#.......###....###
#.......# #....#


You could see Sigmund, 2 orc wizards, an orc and a bat.

Vanquished Creatures
  A ribbon worm (D:2)
  2 bats
  An endoplasm (D:1)
  A giant cockroach (D:1)
  A goblin (D:1)
  3 kobolds
  2 quokkas
  2 ball pythons (D:1)
  A frilled lizard (D:1)
  2 rats (D:1)
16 creatures vanquished.

Notes
Turn   | Place    | Note
-------+----------+-------------------------------------------
     0 | D:1      | qw the Spriggan Hunter began the quest for the Orb.
     0 | D:1      | Reached XP level 1. HP: 10/10 MP: 2/2
     0 | D:1      | 0 ||| qw: Version: 0.3-a-160-g6735b56
     0 | D:1      | 0 ||| qw: Game counter: 6406
     0 | D:1      | 0 ||| qw: Melee chars always use a shield: true
     0 | D:1      | 0 ||| qw: God list: Okawaru
     0 | D:1      | 0 ||| qw: Allow faded altars: false
     0 | D:1      | 0 ||| qw: Do Orc after clearing Dungeon:15 true
     0 | D:1      | 0 ||| qw: Do second Lair branch before Depths: true
     0 | D:1      | 0 ||| qw: Lair rune preference: random
     0 | D:1      | 0 ||| qw: Goals: Normal
     0 | D:1      | 0 ||| PLANNING D:1-11
    41 | D:1      | Reached skill level 3 in Dodging
   513 | D:1      | Reached XP level 2. HP: 14/14 MP: 3/3
   662 | D:1      | 662 ||| UPGRADING to +6 ring of dexterity.
   663 | D:1      | 663 ||| READING scroll labelled POEDIDIXIE.
   664 | D:1      | 664 ||| READING scroll labelled SOFIVV OCASCH.
   765 | D:1      | 765 ||| READING scroll labelled POZILE FOPEEQU.
   765 | D:1      | 765 ||| IDENTIFYING metallic puce potion
   766 | D:1      | 766 ||| DRINKING 2 fizzy white potions.
   767 | D:1      | 767 ||| DROPPING scroll of butterflies.
   768 | D:1      | 768 ||| DROPPING potion of attraction.
   875 | D:2      | Noticed Sigmund
   876 | D:2      | 876 ||| RETREEEEATING.
   879 | D:2      | 879 ||| RETREEEEATING.
   880 | D:2      | 880 ||| RETREEEEATING.
   881 | D:2      | 881 ||| RETREEEEATING.
   889 | D:2      | HP: 3/14 [orc wizard/+0 dagger (1)]
   889 | D:2      | HP: 1/14 [orc wizard/+0 dagger (2)]
   890 | D:2      | Slain by an orc wizard

Levels and vault maps discovered:
D:1:      spicycebolla_arrival_ecumenical, layout_rooms, serial_aquarium,
          aquarium_bridge_square [aquarium_subvault_wall,
          aquarium_subvault_bridge, aquarium_subvault_bridge,
          aquarium_subvault_bridge], aquarium_bridge_long_joined
          [aquarium_subvault_window, aquarium_subvault_balcony,
          aquarium_subvault_window, aquarium_subvault_window,
          aquarium_subvault_bridge, aquarium_subvault_window],
          aquarium_window_fake, aquarium_window_fake, aquarium_window_1,
          aquarium_view_2g, aquarium_view_2g, aquarium_pool_split,
          grunt_decor_resistance
D:2:      layout_basic, uniq_jessica, uniq_sigmund

Skill      XL: |  1  2 |
---------------+-------+-----
Dodging        | 3 4 |  4.3
Fighting       | |  1.5
Ranged Weapons | |  4.0
Stealth        | |  1.5

Action                     || total
---------------------------++-------
   Fire: Shortbow          ||    36
    Use: Scroll            ||     3
         Potion            ||     1
 Armour: Robe              ||    13
  Dodge: Dodged            ||    23

Table legend:
 A = Non-vault XP
 B = Vault XP
 C = Vault XP percentage of total XP
 D = Non-vault monster count
 E = Vault monster count
 F = Vault count percentage of total count
                 A         B        C        D         E       F
            +---------+---------+-------+---------+---------+-------
      Total |      29 |       0 |   0.0 |      16 |       0 |   0.0
            +---------+---------+-------+---------+---------+-------
        D:1 |      18 |       0 |   0.0 |      12 |       0 |   0.0
        D:2 |      11 |       0 |   0.0 |       4 |       0 |   0.0
            +---------+---------+-------+---------+---------+-------
